 Dungeon Crawl Stone Soup version 0.32-a0-468-g38b2580584 (webtiles) character file.

Game seed: 3927064201057874765

40 Ruich the Caller (level 3, 21/21 HPs)
             Began as an Octopode Summoner on Feb 25, 2024.
             Was a Follower of Yredelemnul.
             Quit the game on level 1 of the Dungeon.
             The game lasted 00:03:53 (1165 turns).

Ruich the Caller (Octopode Summoner)                Turns: 1165, Time: 00:03:54

Health: 21/21      AC:  1    Str:  7    XL:     3   Next: 50%
Magic:  6/6        EV: 13    Int: 19    God:    Yredelemnul [*.....]
Gold:   35         SH:  0    Dex: 12    Spells: 3/7 levels left

rFire   . . .        e - +0 spear
rCold   . . .        (no shield)
rNeg    . . .        (helmet restricted)
rPois   .            (no amulet)
rElec   .            (no ring)
rCorr   .            (no ring)
SInv    .            (no ring)
Will    .....        (no ring)
Stlth   ++++         (no ring)
HPRegen 0.23/turn    (no ring)
MPRegen 0.10/turn    (no ring)
                     (no ring)

%: no passive effects
@: wreathed by umbra
A: almost no armour, amphibious, 8 rings, camouflage 1, gelatinous body 1,
(nimble swimmer 1), tentacles
a: Renounce Religion, Light the Black Torch, Recall Undead Harvest


You were on level 1 of the Dungeon.
You worshipped Yredelemnul.
Yredelemnul was noncommittal.
You visited 1 branch of the dungeon, and saw 1 of its levels.

You collected 35 gold pieces.


Innate Abilities, Weirdness & Mutations

You cannot wear most types of armour.
You are amphibious.
You can wear up to eight rings at the same time.
Your skin changes colour to match your surroundings (Stealth+).
Your rubbery body absorbs attacks. (AC +1, EV +1)
((You are camouflaged when in or above water. (Stealth+)))
You have tentacles for arms and can constrict up to eight enemies at once.


   Skills:
 - Level 2.0 Dodging
 - Level 2.8 Stealth
 + Level 2.5 Spellcasting
 * Level 4.7 Summonings


You had 3 spell levels left.
You knew the following spells:

 Your Spells              Type           Power      Damage    Failure   Level
c - Call Canine Familiar  Summ           20%        N/A       7%          3
z - Summon Small Mammal   Summ           80%        N/A       2%          1

Your spell library contained the following spells:

 Spells                   Type           Power      Damage    Failure   Level
 Call Imp                 Summ           40%        N/A       3%          2
 Summon Blazeheart Golem  Fire/Summ      11%        N/A       52%         4
 Summon Lightning Spire   Summ/Air       11%        N/A       52%         4

Inventory:

Hand Weapons
 e - a +0 spear (weapon)
Missiles
 c - 13 stones
 g - 3 atropa-tipped darts
Scrolls
 b - a scroll of blinking {unknown}
Potions
 a - 2 potions of magic
 d - a potion of heal wounds {unknown}

Dungeon Overview and Level Annotations

Branches:
Dungeon (1/15)

Altars:
Yredelemnul

######.............# #.....
..PP..P..............# #.....
P~~♣~.~♣♣............# #.....
.~.~~~~~~...†........###.....
~~~~≈≈~~P~P..........##......
~~J~~≈≈.~~...........##....†.
.~~~.~~♣~~♣........_.##...)†.
.~~~~~.~~............##.###+#
♣..P....r.@..^.....##.# #†#
#####..............##.# #..
..................##.# ###
####################.#
#.##### #...... #######


You could see a quokka.


Message History

You see here a potion of magic.
The giant cockroach bites your inugami but does no damage.
Your inugami misses the giant cockroach.
You see here a potion of magic.
a - 2 potions of magic (gained 1)
The giant cockroach dies!
You start resting.
Magic restored.
Found 4 stones.
Found a faded altar of an unknown god.
The dart slug launches a dart at your inugami.
The slug dart misses your inugami.
The dart slug launches a dart at your inugami.
Your inugami completely misses the dart slug.
The dart slug misses your inugami.
The dart slug dies!
You start waiting.
Your inugami disappears in a puff of smoke!
Done waiting.
c - 13 stones (gained 4)
There is a faded altar of an unknown god here.
This altar belongs to (a) Ru, (b) Jiyva or (c) Yredelemnul, but you can't tell which.
Press the corresponding letter to learn more about a god, or press enter to convert or escape to cancel.
Yredelemnul accepts your prayer! Yredelemnul welcomes you!
You can now light the black torch and reap souls in Yredelemnul's name.
You can now recall your undead harvest.
There is a basalt altar of Yredelemnul here.
A quokka and an endoplasm come into view.
The quokka moves out of view.
Are you sure you want to abandon this character and quit the game? (Confirm with "yes".)

Action                     || total
---------------------------++-------
  Melee: Unarmed           ||    10
         Constrict         ||    13
         Tentacles         ||     7
         Punch             ||     1
         Spear             ||    24
   Cast: Summon Small Mamm ||    26
         Call Canine Famil ||     3
    Use: Potion            ||     1
   Stab: Sleeping          ||     1
         Invisible         ||     1
 Armour: Skin              ||    33
  Dodge: Dodged            ||    55

Levels and vault maps discovered:
D:1:      ldierk_walled_garden_2, layout_basic, basic_ecumenical_altar,
          dk_noncrumbling_4, serial_bayou_pond_b

Notes
Turn   | Place    | Note
-------+----------+-------------------------------------------
     0 | D:1      | Ruich the Octopode Summoner began the quest for the Orb.
     0 | D:1      | Reached XP level 1. HP: 11/11 MP: 3/3
   140 | D:1      | Reached XP level 2. HP: 9/17 MP: 0/5
   762 | D:1      | Reached XP level 3. HP: 21/21 MP: 6/6
   778 | D:1      | Learned a level 3 spell: Call Canine Familiar
   876 | D:1      | HP: 2/21 [jackal (2)]
  1023 | D:1      | Found a faded altar of an unknown god.
  1141 | D:1      | Prayed at the altar of an unknown god.
  1141 | D:1      | Became a worshipper of Yredelemnul the Fallen
  1141 | D:1      | Reached * piety under Yredelemnul
  1165 | D:1      | Quit the game

Vanquished Creatures
  A dart slug (D:1)
  4 ball pythons (D:1)
  A bat (D:1)
  A giant cockroach (D:1)
  A goblin (D:1)
  A hobgoblin (D:1)
  2 jackals (D:1)
11 creatures vanquished.

Vanquished Creatures (collateral kills)
  2 dart slugs (D:1)
  4 ball pythons (D:1)
  An endoplasm (D:1)
  2 giant cockroaches (D:1)
  A hobgoblin (D:1)
  2 jackals (D:1)
  A quokka (D:1)
  A bat (D:1)
  A frilled lizard (D:1)
  2 goblins (D:1)
  3 rats (D:1)
20 creatures vanquished.

Grand Total: 31 creatures vanquished

Table legend: (Time is in decaauts)
 A = Elapsed time spent in this place.
 B = Non-inter-level travel time spent in this place.
 C = Inter-level travel time spent in this place.
 D = Time resting spent in this place.
 E = Time spent auto-exploring this place.
 F = Levels seen in this place.
 G = Mean time per level.
                   A        B        C        D        E       F      G
               +--------+--------+--------+--------+--------+-----+--------+
         Total |   1167 |   1167 |      0 |    517 |    323 |   1 | 1167.0 |
       Dungeon |   1167 |   1167 |      0 |    517 |    323 |   1 | 1167.0 |
               +--------+--------+--------+--------+--------+-----+--------+

Top non-repeatable levels by time:
     D:1: 1167 daAuts

Table legend:
 A = Non-vault XP
 B = Vault XP
 C = Vault XP percentage of total XP
 D = Non-vault monster count
 E = Vault monster count
 F = Vault count percentage of total count
                 A         B        C        D         E       F
            +---------+---------+-------+---------+---------+-------
      Total |      58 |       0 |   0.0 |      31 |       0 |   0.0
            +---------+---------+-------+---------+---------+-------
        D:1 |      58 |       0 |   0.0 |      31 |       0 |   0.0
            +---------+---------+-------+---------+---------+-------
